 Dungeon Crawl Stone Soup version 0.27-a0-1325-g58a489ad9e (webtiles) character file.

Game seed: 6888912733907448063

38 dickylongcocking the Skirmisher (level 3, -3/29 HPs)
             Began as a Djinni Fire Elementalist on June 25, 2021.
             Slain by Terence (9 damage)
             ... on level 1 of the Dungeon.
             The game lasted 00:01:20 (2129 turns).

dickylongcocking the Skirmisher (DjFE)              Turns: 2129, Time: 00:01:21

Health: -3/29      AC:  4    Str:  8    XL:     3   Next: 65%
Gold:   38         EV: 11    Int: 16    God:
                   SH:  0    Dex: 13

rFire    + + .     SeeInvis .   b - +0 dagger
rCold    x . .     Faith    .   (no shield)
rNeg     . . .     Spirit   .   f - +0 leather armour
rPois    ∞         Reflect  .   (no helmet)
rElec    .         Harm     .   e - +0 cloak
rCorr    .         Rampage  .   (no gloves)
Will     .....                  (boots unavailable)
Stlth    ++........             (no amulet)
HPRegen  0.09/turn              (no ring)
MPRegen  0.00/turn              (no ring)

@: flying
A: sickness immunity, fire resistance 2, cold vulnerability 1, float, innate
caster, hp casting, extra vitality 1
a: no special abilities


You were on level 1 of the Dungeon.
You visited 1 branch of the dungeon, and saw 2 of its levels.

You collected 38 gold pieces.

Inventory:

Hand Weapons
 b - a +0 dagger (weapon)
Armour
 a - a +0 robe
 e - a +0 cloak (worn)
 f - a +0 leather armour (worn)


   Skills:
 * Level 2.8 Fighting
 - Level 2.2 Dodging
 - Level 1.5 Stealth
 - Level 2.4 Spellcasting


You couldn't memorise any spells.
You knew the following spells:

 Your Spells              Type           Power      Damage    Failure   Level
a - Foxfire               Conj/Fire      36%        2x1d5     11%         1
b - Conjure Flame         Conj/Fire      9%         6-21      30%         3
c - Inner Flame           Hex/Fire       9%         N/A       30%         3
d - Sticky Flame          Conj/Fire      9%         2d3       71%         4
e - Fireball              Conj/Fire      4%         3d4       96%         5
f - Animate Skeleton      Necr           18%        N/A       11%         1
Your spell library was empty.

Dungeon Overview and Level Annotations

Branches:
Dungeon (2/15)

Altars:

Annotations:
D:1 Terence


Innate Abilities, Weirdness & Mutations

You are immune to sickness and miasma.
You are immune to poison.
Your flesh is very heat resistant. (rF++)
You are vulnerable to cold. (rC-)
You float through the air rather than walking.
You learn spells naturally, not from books.
Your magical power is your life essence.
You have superior vitality. (+4 HP)


Message History

The foxfire hits Terence but does no damage.
Terence is heavily wounded.
The foxfire hits Terence but does no damage.
Terence is heavily wounded.
Terence shouts, "Now you die!" Terence hits you with a +0 flail!
* * * LOW HITPOINT WARNING * * *
Unknown command.
Unknown command.
Your foxfire dissipates!
The foxfire hits Terence but does no damage.
Terence is heavily wounded.
It was a potion of cancellation.
You feel magically purged.
Your magical contamination has completely faded away.
Terence barely misses you.
You aren't carrying any items that you can evoke.
Unknown command.
As you read the scroll labelled DIUFIBROTS, it crumbles to dust.
It is a scroll of identify.
You don't have any unidentified items.
Terence hits you with a +0 flail.
* * * LOW HITPOINT WARNING * * *
Unknown command.
Terence barely misses you.
There is an open door here.
You aren't carrying any items that you can evoke.
Unknown command.
You aren't carrying any potions.
Unknown command.
You aren't carrying any scrolls.
Unknown command.
There is a stone staircase leading up here.
Terence closely misses you.
You fly upwards.
There is a stone staircase leading down here.
Unknown command.
Unknown command.
Unknown command.
Terence hits you with a +0 flail!
You die...

####### ######.....#
#........#.#
#........#.####
#........#....# #
#........####.# #
######.####...###
########.####.##.##
##>@................
#.@......#####.##...
#........#####......
#...................
#........#####..#...
#........# ##.##..
#........######.###.
#........#..........
#........#.......##.


You could see Terence.

Vanquished Creatures
  An adder (D:2)
  4 endoplasms
  3 giant cockroaches (D:1)
  2 goblins (D:1)
  2 hobgoblins (D:1)
  4 kobolds (D:1)
  A ball python (D:1)
  5 bats (D:1)
  2 frilled lizards (D:1)
  4 rats (D:1)
28 creatures vanquished.

Vanquished Creatures (others)
  135 foxfires
135 creatures vanquished.

Grand Total: 163 creatures vanquished

Notes
Turn   | Place    | Note
-------+----------+-------------------------------------------
     0 | D:1      | dickylongcocking the Djinni Fire Elementalist began the
                  | quest for the Orb.
     0 | D:1      | Reached XP level 1. HP: 15/15 MP: 0/0
   451 | D:1      | Reached skill level 1 in Fighting
   453 | D:1      | Reached XP level 2. HP: 16/22 MP: 0/0
  1406 | D:1      | Reached XP level 3. HP: 27/28 MP: 0/0
  1406 | D:1      | Learned a level 1 spell: Animate Skeleton
  2099 | D:2      | Noticed Terence
  2129 | D:1      | Slain by Terence

Illustrated notes

Levels and vault maps discovered:
D:1:      beargit_arrival_greenhouse, layout_basic, minmay_heptomino_h4
D:2:      layout_loops_corners, serial_undead, serial_undead_b, serial_undead_a,
          serial_undead_f, serial_undead_f, hangedman_glass_teeth,
          minmay_splitting_lines, uniq_terence

Skill      XL: |  1  2 |
---------------+-------+-----
Fighting       | 1 2 |  2.8
Dodging        | |  2.2
Stealth        | |  1.5
Spellcasting   | |  2.4

Action                   || total
-------------------------++-------
Melee: Dagger            ||    22
 Cast: Foxfire           ||    92
  Use: Scroll            ||     1
       Potion            ||     1
Armor: Robe              ||    13
       Leather armour    ||     2
Dodge: Dodged            ||    51

Table legend: (Time is in decaauts)
 A = Elapsed time spent in this place.
 B = Non-inter-level travel time spent in this place.
 C = Inter-level travel time spent in this place.
 D = Time resting spent in this place.
 E = Time spent auto-exploring this place.
 F = Levels seen in this place.
 G = Mean time per level.
                   A        B        C        D        E       F      G
               +--------+--------+--------+--------+--------+-----+--------+
         Total |   2128 |   2083 |     45 |     95 |   1719 |   2 | 1064.0 |
       Dungeon |   2128 |   2083 |     45 |     95 |   1719 |   2 | 1064.0 |
               +--------+--------+--------+--------+--------+-----+--------+

Top non-repeatable levels by time:
     D:1: 2036 daAuts
     D:2: 92 daAuts
